 Dungeon Crawl Stone Soup version 0.19-a0-1490-g5dd3618 (webtiles) character file.

40233 epen the Unforgettable (level 14, 0/111 HPs)
             Began as a Hill Orc Monk on Sept 8, 2016.
             Was the Champion of Hepliaklqana.
             Slain by a spriggan rider
             ... wielding a cursed -1 spear
              (14 damage)
             ... on level 6 of the Lair of Beasts.
             The game lasted 00:37:33 (20026 turns).

epen the Unforgettable (Hill Orc Monk)             Turns: 20026, Time: 00:37:34

Health: 0/111      AC: 18    Str: 24    XL:     14   Next: 10%
Magic:  24/24      EV: 14    Int: 10    God:    Hepliaklqana [******]
Gold:   1036       SH:  0    Dex: 13    Spells: 0 memorised, 13 levels left

rFire  . . .     SeeInvis .     b - +3 battleaxe (flame)
rCold  . . .     Gourm    .     R - +0 chain mail "Xuqul" {rElec rCorr Str+5} (curse)
rNeg   + . .     Faith    +     (shield currently unavailable)
rPois  .         Spirit   .     j - +0 helmet
rElec  +         Dismiss  .     I - +0 cloak
rCorr  +         Reflect  .     M - +2 pair of gloves
MR     ++...     Harm     .     (no boots)
Stlth  .......... Clarity  +    a - amulet of faith
                                S - ring of positive energy
                                y - ring of protection from magic

@: no status effects
A: clarity, mutation resistance 1, screaming 1
a: Recall Ancestor, Ancestor Identity, Transference, Idealise, Renounce Religion


You were on level 6 of the Lair of Beasts.
You worshipped Hepliaklqana.
Hepliaklqana was exalted by your worship.
You were not hungry.

You visited 3 branches of the dungeon, and saw 18 of its levels.
You also visited: Labyrinth, Sewer and Ossuary.

You collected 1126 gold pieces.
You spent 90 gold pieces at shops.

Inventory:

Hand Weapons
 b - a +3 battleaxe of flaming (weapon)
 s - a +3 war axe of chopping
Missiles
 n - 3 throwing nets (quivered)
Armour
 j - a +0 helmet (worn)
 w - the +3 hat of Pondering {ponderous, MR+ MP+10 Int+5}
   (You took it off Gastronok on level 3 of the Lair of Beasts)

   It affects your intelligence (+5).
   It affects your resistance to hostile enchantments.
   It affects your magic capacity (+10).
 A - a troll hide {Purgy}
 I - a +0 cloak (worn)
 K - a +2 buckler
 M - a +2 pair of gloves (worn)
 R - the cursed +0 chain mail "Xuqul" (worn) {rElec rCorr Str+5}
   (You found it in a labyrinth)

   It affects your strength (+5).
   It insulates you from electricity.
   It protects you from acid and corrosion.
   It has a curse placed upon it.
Jewellery
 a - an amulet of faith (around neck)
 r - an uncursed ring of ice
 y - a ring of protection from magic (left hand)
 E - an uncursed ring of fire
 S - a ring of positive energy (right hand)
 T - the amulet "Nedwihai" {Spirit rElec rF++ Str+4}
   (You found it on level 4 of the Lair of Beasts)

   [amulet of guardian spirit]

   It causes incoming damage to be split between your health and magic.
   It affects your strength (+4).
   It greatly protects you from fire.
   It insulates you from electricity.
Wands
 f - a wand of digging (23/24)
 C - a wand of disintegration (6/24)
 Q - a wand of teleportation (2/9)
 X - a wand of teleportation (3/9)
 Z - a wand of lightning (4/15)
Scrolls
 e - 5 scrolls of teleportation
 i - 2 scrolls of fear
 o - 6 scrolls of remove curse
 q - 4 scrolls of blinking
 v - 2 scrolls of amnesia
 D - 3 scrolls of fog
 O - 5 scrolls of identify
 P - 3 scrolls of recharging
 U - 2 scrolls of enchant weapon
 W - a scroll of magic mapping
Potions
 g - a potion of cancellation
 h - 2 potions of ambrosia
 k - 3 potions of heal wounds
 l - 4 potions of haste
 m - 11 potions of curing
 p - a potion of brilliance
 t - a potion of berserk rage
 z - 4 potions of might
 F - 5 potions of flight
 H - a potion of agility
 L - 2 potions of resistance
 Y - a potion of magic {unknown}
Books
 J - a book of Geomancy

   Spells                             Type                      Level
   a - Sandblast                      Earth                        1
   b - Passwall                       Transmutation/Earth          2
   c - Stone Arrow                    Conjuration/Earth            3
   d - Petrify                        Transmutation/Earth          4
   e - Lee's Rapid Deconstruction     Earth                        5
 V - a book of the Earth

   Spells                             Type                      Level
   a - Leda's Liquefaction            Hexes/Earth                  4
   b - Bolt of Magma                  Conjuration/Fire/Earth       5
   c - Statue Form                    Transmutation/Earth          6
   d - Iron Shot                      Conjuration/Earth            6
   e - Shatter                        Earth                        9
Comestibles
 c - 13 bread rations
 d - 11 meat rations
 u - 39 fruits
 x - 13 royal jellies
 B - 6 beef jerkies
 G - a slice of pizza
 N - 4 chunks of flesh


   Skills:
 + Level 11.3 Fighting
 + Level 12.3 Axes
 + Level 10.2 Armour
 * Level 11.0 Dodging
 - Level 1.5 Stealth
 - Level 6.9 Shields
 * Level 14.2 Invocations


You had 13 spell levels left.
You didn't know any spells.

Dungeon Overview and Level Annotations

Branches:
Dungeon (11/15)            Temple (1/1) D:4            Lair (6/6) D:8
  Swamp (0/4) Lair:2        Slime (0/5) Lair:5          Orc (0/2) D:9
  Snake: Lair:2-4    Spider: Lair:2-4

Altars:
Ashenzari
Cheibriados
Dithmenos
Elyvilon
Fedhas
Gozag
Hepliaklqana
Kikubaaqudgha
Makhleb
Nemelex Xobeh
Qazlal
Sif Muna
Trog
Uskayaw
Vehumet
Xom
Yredelemnul
Zin
The Shining One
Beogh

Shops:
D:5 [


Innate Abilities, Weirdness & Mutations

You possess an exceptional clarity of mind.
You are somewhat resistant to further mutation.
You occasionally shout uncontrollably at your foes.


Message History

The spriggan rider is heavily wounded.
The spriggan rider barely misses you.
Unknown command.
Your chain mail "Xuqul" prevents you from hitting the spriggan rider.
The spriggan rider is heavily wounded.
The spriggan rider hits you with a spear.
* * * LOW HITPOINT WARNING * * *
Unknown command.
The spriggan rider blocks your attack.
The spriggan rider is heavily wounded.
The spriggan rider hits you with a spear.
* * * LOW HITPOINT WARNING * * *
You miss the spriggan rider.
The spriggan rider is heavily wounded.
The spriggan rider closely misses you. The spriggan rider blocks your attack.
The spriggan rider is heavily wounded.
The spriggan rider blocks sprigter of pepen's attack.
The spriggan rider hits you with a spear!
You die...

............♣♣
............♣ ♣..
............♣
♣..♣♣♣♣
...........♣♣ ...♣..
...........♣ ..♣..
..........=♣♣♣
♣♣...♣
.............♣♣♣...♣
#.P..######...♣♣Ri♣
#.#### #♣....@♣ ###
♣.....♣ ♣♣♣....♣
♣♣♣♣..†♣ ♣♣... ♣♣♣


You could see the friendly sprigter of pepen the hexer and a spriggan rider.

Vanquished Creatures
  Gastronok (Lair:3)
  A minotaur (Lab)
  3 hydras
  A queen ant (Lair:2)
  An unseen horror (D:11)
  Pikel (D:3)
  A hill giant (D:10)
  2 ugly things (D:11)
  6 black mambas
  3 elephants (Lair:6)
  8 spiny frogs
  3 komodo dragons
  A troll (D:10)
  A polar bear (Lair:3)
  A queen bee (Lair:2)
  5 dream sheep (Lair:6)
  15 blink frogs
  A boulder beetle (Lair:6)
  Sigmund (D:4)
  2 redbacks (Lab)
  24 yaks
  3 spriggans
  A wyvern (D:9)
  2 wraiths
  Eustachio (D:6)
  2 basilisks
  2 hungry ghosts
  5 hippogriffs
  Edmund (D:6)
  5 water moccasins
  7 soldier ants
  6 porcupines
  The ghost of Goblin1989 the Sneak, an amateur VSAs (D:4)
  Purgy (D:3)
  2 wasps (Lair:6)
  2 slaves (D:3)
  An eye of draining (D:11)
  4 orc warriors
  4 ice beasts
  4 sky beasts
  4 black bears
  A phantom (D:4)
  18 wolves
  An ogre (D:8)
  3 centaurs
  15 crocodiles
  3 big kobolds (Sewer)
  5 giant frogs
  A water moccasin zombie (Ossuary)
  4 scorpions
  23 killer bees
  A centaur zombie (Ossuary)
  A crimson imp (D:9)
  5 hounds
  4 giant frog zombies
  A quasit (D:7)
  11 orc priests
  A jelly (D:11)
  A giant frog skeleton (D:5)
  18 mummies (Ossuary)
  5 iguanas
  An orc wizard (D:9)
  19 worker ants
  3 hound zombies
  A worker ant zombie (Ossuary)
  Robin (D:3)
  5 gnolls
  16 adders
  52 river rats
  3 shadow imps
  2 oozes
  5 adder zombies
  2 adder skeletons
  2 worms (D:2)
  4 dart slugs
  8 giant geckos
  43 orcs
  3 giant cockroaches
  10 hobgoblins
  3 jackals (D:1)
  3 quokkas
  8 ball pythons
  10 bats
  A giant cockroach zombie (Ossuary)
  A giant gecko skeleton (D:5)
  A giant gecko zombie (Ossuary)
  7 giant newts
  14 goblins
  A jackal skeleton (D:5)
  19 kobolds
  A quokka skeleton (D:9)
  29 rats
  A bush (Lair:6)
  3 fungi
  4 plants (Lair:6)
548 creatures vanquished.

Vanquished Creatures (collateral kills)
  The ghost of rlgrobin the Thaumaturge, a novice DEFE of Vehumet (D:10)
  2 elephants (Lair:6)
  A black mamba (Lair:1)
  A komodo dragon (Lair:2)
  A dream sheep (Lair:6)
  A two-headed ogre (D:7)
  5 blink frogs
  3 yaks
  A hungry ghost (D:8)
  A hippogriff (Lair:6)
  A water moccasin (Lair:2)
  2 porcupines (Lair:4)
  A black bear (Lair:1)
  2 wolves (Lair:6)
  4 crocodiles
  3 giant frogs
  5 killer bees (Lair:2)
  A wasp zombie (Ossuary)
  A jelly (D:5)
  2 iguanas (Lair:3)
  An orc wizard (D:9)
  5 worker ants (Lair:2)
  A hound skeleton (D:5)
  A mummy (Ossuary)
  A gnoll (D:7)
  4 river rats
  An adder (D:9)
  3 orcs
  A quokka (D:5)
57 creatures vanquished.

Vanquished Creatures (others)
  A scorpion (D:4)
  A killer bee (Lair:2)
  Natasha (D:4)
  4 hexers
  A giant gecko (D:4)
  10 fungi
  2 plants (Lair:2)
  A withered plant (Ossuary)
21 creatures vanquished.

Grand Total: 626 creatures vanquished

Notes
Turn   | Place    | Note
-------+----------+-------------------------------------------
     0 | D:1      | epen the Hill Orc Monk began the quest for the Orb.
     0 | D:1      | Reached XP level 1. HP: 19/19 MP: 1/1
   100 | D:1      | Reached XP level 2. HP: 27/27 MP: 2/2
   752 | D:1      | Reached XP level 3. HP: 33/33 MP: 3/3
   920 | D:2      | Reached skill level 1 in Armour
  1047 | D:2      | Reached XP level 4. HP: 36/40 MP: 4/4
  1693 | D:2      | Reached XP level 5. HP: 36/47 MP: 5/5
  1752 | D:2      | Reached skill level 5 in Axes
  2315 | D:3      | Noticed Robin
  2336 | D:3      | Killed Robin
  2338 | D:3      | Reached XP level 6. HP: 53/53 MP: 6/6
  2604 | D:3      | Noticed Purgy
  2616 | D:3      | Killed Purgy
  2616 | D:3      | Reached skill level 5 in Fighting
  2766 | D:4      | Noticed Pikel
  2766 | D:4      | Noticed a slave
  2766 | D:4      | Noticed a slave
  2766 | D:4      | Noticed a slave
  2783 | D:3      | Killed a slave
  2785 | D:4      | Noticed a slave
  2798 | D:3      | Killed a slave
  2861 | D:4      | Noticed Sigmund
  2892 | D:3      | Killed Pikel
  2892 | D:3      | Reached skill level 5 in Dodging
  2892 | D:3      | Reached XP level 7. HP: 44/62 MP: 7/7
  2911 | D:4      | Noticed Goblin1989's ghost (amateur VSAs)
  3051 | D:4      | Found a glowing drain.
  3101 | D:4      | Killed Goblin1989's ghost
  3101 | D:4      | Reached XP level 8. HP: 15/70 MP: 8/8
  3293 | D:4      | Killed Sigmund
  3330 | Sewer    | Entered a sewer
  3790 | Sewer    | Reached skill level 5 in Armour
  4224 | D:4      | Found a staircase to the Ecumenical Temple.
  4239 | Temple   | Entered the Ecumenical Temple
  4387 | Temple   | Became a worshipper of Hepliaklqana
  4387 | Temple   | Reached * piety under Hepliaklqana
  4387 | Temple   | Reached ** piety under Hepliaklqana
  4388 | Temple   | Remembered your ancestor sprigter of pepen as a hexer
  4586 | D:4      | Killed Natasha
  4834 | D:5      | Entered Level 5 of the Dungeon
  4888 | D:5      | Reached skill level 1 in Invocations
  4888 | D:5      | Reached XP level 9. HP: 70/70 MP: 9/9
  4971 | D:5      | Reached skill level 1 in Shields
  5029 | D:5      | Found Cuter Buh's Antique Armour Emporium.
  5035 | D:5      | Bought a pair of glowing gloves for 90 gold pieces
  5256 | D:5      | Identified a scroll of acquirement
  5477 | D:6      | Reached *** piety under Hepliaklqana
  5572 | D:6      | Reached skill level 2 in Invocations
  5631 | D:6      | Noticed Edmund
  5645 | D:6      | Killed Edmund
  5697 | D:6      | Noticed Eustachio
  5703 | D:6      | Killed Eustachio
  5703 | D:6      | Reached skill level 3 in Invocations
  6084 | D:7      | Gained mutation: You are somewhat resistant to further mutation. [mutagenic meat]
  6090 | D:7      | Gained mutation: You possess an exceptional clarity of mind. [mutagenic meat]
  6093 | D:7      | Gained mutation: You occasionally shout uncontrollably at your foes. [mutagenic meat]
  6109 | D:7      | Reached skill level 4 in Invocations
  6196 | D:7      | Found a sand-covered staircase.
  6204 | Ossuary  | Entered an ossuary
  6524 | Ossuary  | Reached XP level 10. HP: 77/77 MP: 13/13
  6666 | D:7      | Reached skill level 5 in Invocations
  6764 | D:7      | Reached **** piety under Hepliaklqana
  7339 | D:8      | Reached ***** piety under Hepliaklqana
  7661 | D:8      | Reached skill level 5 in Shields
  7661 | D:8      | Reached skill level 6 in Invocations
  7739 | D:8      | Found a staircase to the Lair.
  8628 | D:9      | Found a staircase to the Orcish Mines.
  8665 | D:9      | Found a roughly hewn altar of Beogh.
  8728 | D:9      | Reached skill level 7 in Invocations
  9027 | D:9      | You fall through a shaft for 2 floors!
  9033 | D:11     | Reached XP level 11. HP: 76/85 MP: 16/16
  9279 | D:10     | Entered Level 10 of the Dungeon
  9463 | D:10     | Noticed rlgrobin's ghost (novice DEFE)
  9476 | D:10     | Killed rlgrobin's ghost
  9880 | D:10     | Noticed a hill giant
  9891 | D:10     | Killed a hill giant
  9891 | D:10     | Reached skill level 8 in Invocations
 10443 | D:11     | Noticed a purple ugly thing
 10461 | D:11     | Killed a purple ugly thing
 10564 | D:11     | Noticed a red ugly thing
 10577 | D:11     | Killed a red ugly thing
 10598 | D:11     | Killed an unseen horror
 10762 | Lair:1   | Entered Level 1 of the Lair of Beasts
 10816 | Lair:1   | Reached skill level 9 in Invocations
 10874 | Lair:1   | Reached skill level 10 in Axes
 11212 | Lair:1   | Reached ****** piety under Hepliaklqana
 11686 | Lair:1   | Reached XP level 12. HP: 91/93 MP: 19/19
 12038 | Lair:2   | Reached skill level 10 in Invocations
 12061 | Lair:2   | Found a labyrinth entrance.
 12066 | Lair:2   | Found a staircase to the Swamp.
 12070 | Lab      | Entered a labyrinth
 12624 | Lab      | Noticed a minotaur
 12633 | Lab      | Killed a minotaur
 12638 | Lab      | Got a smoking chain mail
 12652 | Lab      | Identified the cursed +0 chain mail "Xuqul" {rElec rCorr Str+5} (You found it in a labyrinth)
 12817 | Lair:2   | Noticed a queen ant
 12824 | Lair:2   | Killed a queen ant
 13522 | Lair:2   | Reached skill level 11 in Invocations
 13580 | Lair:2   | Reached skill level 10 in Fighting
 14498 | Lair:2   | You fall through a shaft for 2 floors!
 14883 | Lair:4   | Got a fine graven amulet
 14885 | Lair:4   | Identified the amulet "Nedwihai" {Spirit rElec rF++ Str+4} (You found it on level 4 of the Lair of Beasts)
 14903 | Lair:3   | Reached skill level 10 in Dodging
 15172 | Lair:3   | Reached skill level 12 in Invocations
 15172 | Lair:3   | Reached XP level 13. HP: 64/101 MP: 20/22
 16161 | Lair:3   | Noticed Gastronok
 16174 | Lair:3   | Killed Gastronok
 16266 | Lair:3   | Reached skill level 13 in Invocations
 16978 | Lair:4   | You fall through a shaft for 2 floors!
 16978 | Lair:6   | Entered Level 6 of the Lair of Beasts
 17645 | Lair:5   | Found a staircase to the Slime Pits.
 18905 | Lair:6   | Reached skill level 10 in Armour
 19189 | Lair:6   | Reached skill level 14 in Invocations
 19232 | Lair:6   | Reached XP level 14. HP: 69/111 MP: 24/24
 20026 | Lair:6   | Slain by a spriggan rider

Vault maps used:
D:1:      grunt_arrival_lava_bath, minmay_tripent
D:2:      first_bread
D:3:      uniq_robin, uniq_purgy
D:4:      portal_sewer_entry_c, uniq_sigmund, uniq_pikel, uniq_natasha
D:5:      serial_shops, shop, hex_large
D:6:      uniq_eustachio, uniq_edmund
D:7:      enter_ossuary_2, the_bakery
D:8:      dpeg_lair_monsters
D:9:      lemuel_ice_spiral_2, david_orc_5
Temple:   roderic_octagonal_lattice_temple
Lair:1:   grunt_forest_large_clearings, grunt_megastairs_4
Lair:2:   swamp_mist, nicolae_spider_entry_orb_guardian, lab_entry_generic,
          minmay_another_anthill
Lair:3:   boulder_dual_corridor_run, grunt_forest_stairs_clearing,
          lemuel_fruit_tree, infiniplex_staircase_pool, uniq_gastronok
Lair:4:   serial_bayou_shore_b
Lair:5:   dpeg_slime_entry_corner
Lair:6:   minmay_lair_end_enchanted_forest
Lab:      labyrinth_mini_lab, nicolae_lab_grate, nicolae_lab_hexagon,
          nicolae_lab_stuck, nicolae_lab_starburst, labyrinth_fake_exit
Sewer:    sewer_minmay_treatment
Ossuary:  ossuary_zaba_flooded

Skill      XL: |  1  2  3  4  5  6  7  8  9 10 11 12 13 14 |
---------------+-------------------------------------------+-----
Dodging        | 3 5 6 7 8 9 10 11 | 11.0
Armour         | 1 2 3 4 5 6 8 9 10 | 10.2
Fighting       | 4 5 6 7 8 9 10 11 | 11.3
Axes           | 5 6 7 8 9 10 11 12 | 12.3
Invocations    | 1 4 7 9 12 14 | 14.2
Shields        | 4 6 |  6.9
Stealth        | |  1.5

Action                   |  1- 3 |  4- 6 |  7- 9 | 10-12 | 13-15 || total
-------------------------+-------+-------+-------+-------+-------++-------
Melee: Hand axe          |    63 |       |       |       |       ||    63
       Short sword       |    56 |   116 |       |       |       ||   172
       Dagger            |       |   128 |   395 |       |       ||   523
       Battleaxe         |       |       |   147 |   390 |   350 ||   887
       War axe           |       |       |       |   367 |       ||   367
Invok: Ancestor Life: He |       |       |     1 |       |       ||     1
       Ancestor Identity |       |       |     1 |       |       ||     1
       Recall Ancestor   |       |       |       |     5 |     1 ||     6
  Use: Scroll            |       |       |    16 |    17 |       ||    33
       Potion            |       |       |       |     2 |     3 ||     5
 Stab: Sleeping          |     4 |       |     1 |     4 |       ||     9
       Confused          |       |       |     3 |    15 |     8 ||    26
       Distracted        |       |       |     2 |     7 |     6 ||    15
  Eat: Chunk             |     1 |     6 |    12 |    17 |    12 ||    48
       Bread ration      |       |       |     1 |       |       ||     1
       Meat ration       |       |       |     1 |     2 |       ||     3
       Pizza             |       |       |       |     2 |     1 ||     3
       Royal jelly       |       |       |       |       |     1 ||     1
Armor: Robe              |     6 |       |       |       |       ||     6
       Ring mail         |    42 |    61 |       |       |       ||   103
       Scale mail        |       |    75 |   270 |   155 |       ||   500
       Chain mail        |       |       |       |   110 |   208 ||   318
Dodge: Dodged            |    77 |   165 |   394 |   467 |   272 ||  1375
Block: Buckler           |       |       |       |    99 |       ||    99
